 Dungeon Crawl Stone Soup version 0.26.0-10-g1f06aea511 (webtiles) character file.

Game seed: 16640664618096925499

1 Goblin1989 the Sneak (level 1, 0/18 HPs)
             Began as a Demonspawn Delver on Jan 30, 2021.
             Slain by a howler monkey (5 damage)
             ... on level 4 of the Dungeon.
             The game lasted 00:01:16 (158 turns).

Goblin1989 the Sneak (Demonspawn Delver)             Turns: 158, Time: 00:01:17

Health: 0/18       AC:  3    Str: 12    XL:     1   Next: 16%
Magic:  1/1        EV: 12    Int: 11    God:
Gold:   12         SH:  0    Dex: 14    Spells: 0/0 levels left

rFire    . . .     SeeInvis .   a - +0 mace
rCold    . . .     Faith    .   (no shield)
rNeg     . . .     Spirit   .   b - +0 leather armour
rPois    .         Reflect  .   (no helmet)
rElec    .         Harm     .   (no cloak)
rCorr    .         Rampage  .   (no gloves)
Will     .....                  (no boots)
Stlth    ++........             (no amulet)
HPRegen  0.06/turn              (no ring)
MPRegen  0.07/turn              (no ring)

@: hasted, very quick
A: no striking features
a: no special abilities


You were on level 4 of the Dungeon.
You visited 1 branch of the dungeon, and saw 2 of its levels.

You collected 12 gold pieces.

Inventory:

Hand Weapons
 a - a +0 mace (weapon)
Armour
 b - a +0 leather armour (worn)
Wands
 g - a wand of digging (3) {@v1}
Scrolls
 c - a scroll of fog
 e - a scroll of fear
 M - a scroll of magic mapping
 N - 3 scrolls of blinking {unknown}


   Skills:
 - Level 3.0 Fighting
 + Level 1.9 Maces & Flails
 - Level 1.7 Dodging
 - Level 4.5 Stealth


You couldn't memorise any spells.
You didn't know any spells.
Your spell library was empty.

Dungeon Overview and Level Annotations

Branches:
Dungeon (5/15)
 Temple: D:4-7

Altars:


Message History

You become an imperial myrmidon!
Welcome, Goblin1989 the Demonspawn Delver.
Will you prevail where others failed? Will you find the Orb of Zot?
Press ? for a list of commands and other information.
Found a stone staircase leading down.
Found a stone staircase leading up.
There is a stone staircase leading up here.
You climb upwards.
Found a short sword.
There is a stone staircase leading down here.
Found 24 arrows.
Found 12 gold pieces.
You now have 12 gold pieces.
A giant cockroach comes into view.
The helpless giant cockroach fails to defend itself.
You hit the giant cockroach.
The giant cockroach is severely wounded.
The giant cockroach bites you.
The giant cockroach bites you but does no damage.
You take 1 damage, and have 17/18 hp.
You barely miss the giant cockroach.
The giant cockroach is severely wounded.
The giant cockroach barely misses you.
You closely miss the giant cockroach.
The giant cockroach is heavily wounded.
The giant cockroach barely misses you. x2
You hit the giant cockroach.
You kill the giant cockroach!
You see here a giant cockroach corpse.
HP restored.
Health restored: 18
Found 3 scrolls labelled ZODGHO ELUF and 2 scrolls of fog.
N - 3 scrolls labelled ZODGHO ELUF A howler monkey comes into view.
Found 12 poisoned darts.
Found an escape hatch in the floor.
You see here 2 scrolls of fog.
An adder comes into view.
The howler monkey hoots and howls with incredible vigour!
You see here 2 scrolls of fog.
Okay, then.
You hit the howler monkey but do no damage.
The howler monkey closely misses you.
The howler monkey hoots and howls with incredible vigour!
You hit the howler monkey but do no damage.
The howler monkey barely misses you.
You completely miss the howler monkey.
The howler monkey closely misses you. x2
You closely miss the howler monkey. The howler monkey hits you.
You take 6 damage, and have 12/18 hp.
MASSIVE DAMAGE!!
You closely miss the howler monkey. The howler monkey hits you.
The howler monkey hoots and howls with incredible vigour!
You take 1 damage, and have 11/18 hp.
You closely miss the howler monkey. The howler monkey closely misses you.
You thump the howler monkey!
The howler monkey is moderately wounded.
The howler monkey hits you.
* * * LOW HITPOINT WARNING * * *
The howler monkey hoots and howls with incredible vigour!
You take 5 damage, and have 6/18 hp.
MASSIVE DAMAGE!!
You feel yourself speed up. The howler monkey barely misses you.
You closely miss the howler monkey.
The howler monkey is moderately wounded.
The howler monkey completely misses you.
You hit the howler monkey.
The howler monkey is heavily wounded.
The howler monkey hits you.
* * * LOW HITPOINT WARNING * * *
You take 1 damage, and have 5/18 hp.
You closely miss the howler monkey.
The howler monkey is heavily wounded.
The howler monkey hoots and howls with incredible vigour!
You hit the howler monkey.
The howler monkey is severely wounded.
The howler monkey hits you.
You die... █████

█...█ █.█.█
█@█.█ █h█.█
.S.█████?█.█
...>h....█.█
....██████.█
. █.█ █.█
█†█ █████.█


You could see a howler monkey (catching breath).

Vanquished Creatures
  A giant cockroach (D:4)
1 creature vanquished.

Notes
Turn   | Place    | Note
-------+----------+-------------------------------------------
     0 | D:5      | Goblin1989 the Demonspawn Delver began the quest for the
                  | Orb.
     0 | D:5      | Reached XP level 1. HP: 18/18 MP: 1/1
   140 | D:4      | Noticed a howler monkey
   158 | D:4      | Slain by a howler monkey

Illustrated notes

Levels and vault maps discovered:
D:4:      layout_basic, ashenzari_altar_1, zin_treasury,
          grunt_decor_mini_mirrors
D:5:      minmay_recursive_quarters, layout_loops_ring,
          minmay_temple_entry_enclosed_plants, basic_altar,
          nicolae_underground_beach, uniq_ijyb, uniq_edmund

Action                   || total
-------------------------++-------
Melee: Mace              ||    15
  Use: Potion            ||     1
 Stab: Sleeping          ||     1
Armor: Leather armour    ||     1
Dodge: Dodged            ||    10
